Map: Paladino Terminal LE

Players

Musumeci

  • Race: Zerg Zerg
  • League: Diamond
  • Spawn Location: 5:00

Remuko - Winner!

  • Race: Zerg Zerg
  • League: Diamond
  • Spawn Location: 9:00

VOD

Have the link to the VOD?

Description

Time

  • Played on: Feb. 18, 2017, 12:07 p.m.
  • Length: 7:51
Show
View Real Time Build Order
Export as new Build Order

Musumeci Zerg 

Build Orders: Hatch First, Zergling Baneling 

Get SALT Encoding   

  12  0:01  Drone  
  13  0:08  Drone  
  14  0:15  Drone, Extractor  
  15  0:43  Hatchery  
  15  0:48  Drone, Extractor  
  15  1:03  Spawning Pool  
  14  1:12  Drone, Extractor  
  14  1:15  Drone, Extractor  
  15  1:22  Overlord  
  15  1:50  Zergling x6  
  15  1:52  Queen  
  20  1:56  Drone  
  23  2:09  Drone  
  23  2:10  Drone  
  23  2:11  Drone  
  24  2:17  Drone  
  24  2:21  Metabolic Boost  
  25  2:43  Baneling Nest  
  23  2:45  Drone  
  23  2:46  Drone x3  
  27  2:55  Overlord  
  27  3:15  Zergling x12  
  33  3:21  Evolution Chamber  
  32  3:35  Zergling x2  
  32  3:36  Zergling x4  
  35  3:43  Baneling  
  35  3:44  Baneling x4  
  35  3:46  Overlord  
  35  3:55  Baneling x3  
  28  4:13  Baneling  
  27  4:28  Zergling x12  
  30  4:37  Zergling x6  
  33  4:43  Queen  
  35  4:48  Zergling x4  
  37  4:59  Zerg Ground Armor Level 1  
  37  5:15  Zergling x14  
  37  5:18  Overlord  
  44  5:33  Baneling  
  44  5:34  Baneling  
  44  5:40  Zergling x12  
  47  5:49  Baneling x3  
  45  5:58  Baneling  
  44  6:16  Baneling x2  
  30  6:36  Zergling x8  
  30  6:37  Zergling x6  
  34  6:51  Zergling x2  
  34  6:52  Zergling x2  
  36  6:58  Drone  
  36  6:59  Drone  
  38  7:01  Spine Crawler x2  
  38  7:03  Spine Crawler  
  31  7:15  Zergling x16  
Show
View Real Time Build Order
Export as new Build Order

Remuko Zerg - Winner!

Build Orders: Hatch First, Zergling Baneling 

Get SALT Encoding   

  12  0:04  Drone  
  13  0:14  Overlord  
  13  0:22  Drone  
  14  0:32  Drone  
  14  0:33  Drone  
  16  0:36  Drone  
  17  0:57  Hatchery  
  17  0:59  Drone  
  17  1:02  Drone  
  18  1:16  Spawning Pool  
  17  1:19  Extractor  
  17  1:22  Drone  
  17  1:23  Drone  
  18  1:32  Drone  
  19  1:42  Overlord  
  19  1:54  Drone  
  20  2:07  Queen, Zergling x2  
  23  2:09  Queen  
  23  2:10  Zergling x2  
  26  2:18  Drone  
  26  2:19  Baneling Nest  
  26  2:25  Drone x2  
  28  2:33  Zergling x2  
  28  2:37  Zergling x2  
  30  2:41  Spine Crawler  
  28  2:45  Drone  
  28  2:50  Drone  
  30  2:56  Metabolic Boost  
  30  3:04  Drone x3  
  33  3:12  Baneling  
  33  3:13  Baneling x2  
  33  3:16  Drone x2  
  35  3:42  Overlord x2  
  35  3:52  Spine Crawler, Zergling x2  
  35  4:00  Queen  
  31  4:11  Zergling x2  
  31  4:12  Zergling x8  
  31  4:15  Drone x5  
  40  4:27  Zergling x6  
  40  4:30  Zergling x4  
  44  4:34  Baneling  
  44  4:35  Baneling x5  
  44  4:36  Drone x3  
  47  4:46  Zergling x2  
  47  4:51  Hatchery  
  47  4:54  Zergling x8  
  51  5:04  Roach Warren  
  50  5:07  Evolution Chamber  
  49  5:14  Zergling x2  
  49  5:15  Drone x2  
  49  5:20  Overlord x2  
  52  5:32  Overlord  
  52  5:33  Overlord  
  52  5:35  Baneling x4  
  52  5:41  Zergling x6  
  52  5:42  Zergling x2  
  53  5:47  Zergling x4  
  53  5:49  Roach  
  48  5:57  Roach  
  48  6:00  Roach  
  52  6:09  Roach, Zergling x4, Extractor  
  52  6:26  Queen  
  52  6:32  Roach x2  
  55  6:33  Roach x2  
  57  6:40  Drone x3  
  57  6:43  Roach  
  57  6:44  Zergling x6  
  67  6:54  Roach  
  67  7:02  Extractor  
  70  7:08  Roach x3  
  70  7:09  Zergling x8  
  76  7:23  Roach x2  
  76  7:24  Roach  
  82  7:32  Overlord x4  
Tags
 
Add a new tag
Caveats
  • Supply blocks, unpowered buildings, or Contaminate may cause inaccurate times.
  • Supply counts are checked every 10 seconds.